 Dungeon Crawl Stone Soup version 0.29.1-15-g9cfb28693d (webtiles) character file.

Game seed: 4644389615084423064

630 Heoruswealwe the Magician (level 7, 0/36 HPs)
             Began as a Deep Elf Earth Elementalist on Mar 25, 2023.
             Slain by a hound (4 damage)
             ... on level 5 of the Dungeon.
             The game lasted 00:25:58 (2667 turns).

Heoruswealwe the Magician (DEEE)                    Turns: 2667, Time: 00:26:00

Health: 0/36       AC:  3    Str:  5    XL:     7   Next: 24%
Magic:  10/19      EV: 12    Int: 22    God:
Gold:   291        SH:  0    Dex: 15    Spells: 10/20 levels left

rFire   . . .      SeeInvis +   g - +2 short sword (holy)
rCold   . . .      Faith    .   (no shield)
rNeg    . . .      Spirit   .   l - +0 animal skin
rPois   .          Reflect  .   m - +0 helmet
rElec   .          Harm     .   (no cloak)
rCorr   .          Rampage  .   (no gloves)
Will    .....                   (no boots)
Stlth   ++........              (no amulet)
HPRegen 0.12/turn               n - ring of see invisible
MPRegen 0.16/turn               (no ring)

@: marked
A: no striking features
a: no special abilities


You were on level 5 of the Dungeon.
You visited 2 branches of the dungeon, and saw 6 of its levels.

You collected 291 gold pieces.

Inventory:

Hand Weapons
 g - a +2 short sword of holy wrath (weapon)
 s - a +0 war axe
Armour
 a - a +0 robe
 c - a +0 robe
 l - a +0 animal skin (worn)
 m - a +0 helmet (worn)
Jewellery
 n - a ring of see invisible (left hand)
Wands
 v - a wand of charming (7)
Scrolls
 d - 2 scrolls of teleportation {unknown}
 f - 2 scrolls of poison {unknown}
 j - 5 scrolls of identify {unknown}
 p - a scroll of vulnerability {unknown}
 q - a scroll of immolation {unknown}
 u - a scroll of enchant armour {unknown}
Potions
 b - 2 potions of magic
 e - a potion of heal wounds {unknown}
 h - a potion of ambrosia {unknown}
 i - a potion of degeneration {unknown}
 k - 2 potions of curing {unknown}
 o - 2 potions of brilliance {unknown}
 r - a potion of flight {unknown}
 t - a potion of might {unknown}


   Skills:
 - Level 2.4 Dodging
 - Level 2.4 Stealth
 * Level 7.1 Spellcasting
 + Level 3.8 Transmutations
 * Level 6.3 Earth Magic


You had 10 spell levels left.
You knew the following spells:

 Your Spells              Type           Power      Damage    Failure   Level
a - Sandblast             Erth           72%        2d16      1%          1
b - Stone Arrow           Conj/Erth      42%        3d9       7%          3
c - Petrify               Tmut/Erth      30%        N/A       10%         4
z - Passwall              Tmut/Erth      25%        N/A       1%          2

Your spell library contained the following spells:

 Spells                   Type           Power      Damage    Failure   Level
 Poisonous Vapours        Pois/Air       14%        N/A       12%         2
 Corpse Rot               Necr/Pois/Air  7%         N/A       63%         4


Dungeon Overview and Level Annotations

Branches:
Dungeon (5/15)             Temple (1/1) D:4

Altars:
Cheibriados
Dithmenos
Elyvilon
Gozag
Hepliaklqana
Makhleb
Nemelex Xobeh
Okawaru
Qazlal
Ru
Sif Muna
Trog
Uskayaw
Wu Jian
Xom
Yredelemnul
Zin


Message History

The orc wizard hits you but does no damage.
The orc warrior moves out of view.
The blast of sand hits the orc wizard!
You kill the orc wizard!
An adder comes into view.
The ufetubus hits you.
The ufetubus hits you but does no damage.
An orc wizard comes into view. It is wielding a +0 dagger.
The blast of sand hits the ufetubus!
You kill the ufetubus!
A hound comes into view.
The orc priest barely misses you. The adder bites you.
The black bear bites you. The black bear claws you. x2
An adder comes into view.
The adder bites you but does no damage. The black bear bites you.
* * * LOW HITPOINT WARNING * * *
The black bear claws you.
* * * LOW HITPOINT WARNING * * *
The black bear closely misses you. The adder bites you but does no damage.
You are too injured to fight recklessly!
Casting: Sandblast (safe; 1% risk of failure)
Confirm with . or Enter, or press ? or * to list all spells.
Aiming: Sandblast (safe; 1% risk of failure)
Press: ? - help, Shift-Dir - straight line, f - adder
Aim: an adder (73% to hit)
The blast of sand hits the adder!!
You kill the adder!
The hound bites you.
* * * LOW HITPOINT WARNING * * *
The hound completely misses you.
Casting: Sandblast (safe; 1% risk of failure)
Confirm with . or Enter, or press ? or * to list all spells.
Aiming: Sandblast (safe; 1% risk of failure)
Press: ? - help, Shift-Dir - straight line, f - hound
Aim: a hound (78% to hit)
The blast of sand misses the hound.
The blast of sand hits the black bear!
The black bear is heavily wounded.
The hound bites you.
You die...

.# .# ## ##.## #####
#. .... #.... #. #..
#.### #. #.# #.#
#.##.# #.# #.@hh#
#.###
#####o##########....
#....o..............
#.#o.############...
#.S.. #.... ..>#.#
#.... ####. #.... #.
#.... #. #....


You could see a black bear, a hound and an orc.

Vanquished Creatures
  A phantom (D:5)
  A scorpion (D:4)
  A howler monkey (D:5)
  A quasit (D:4)
  A hound (D:5)
  A gnoll bouda (D:5)
  An orc wizard (D:5)
  Robin (D:2)
  5 adders
  7 gnolls
  5 shadow imps (D:4)
  4 white imps (D:4)
  7 ufetubi
  4 worms (D:2)
  5 dart slugs
  2 orcs
  8 ball pythons
  6 bats
  5 endoplasms
  2 giant cockroaches
  6 hobgoblins
  3 jackals (D:2)
  3 quokkas
  4 frilled lizards
  13 goblins
  8 kobolds
  2 rats
107 creatures vanquished.

Vanquished Creatures (others)
  10 demonic plants (D:4)
  8 plants (D:3)
18 creatures vanquished.

Grand Total: 125 creatures vanquished

Notes
Turn   | Place    | Note
-------+----------+-------------------------------------------
     0 | D:1      | Heoruswealwe the Deep Elf Earth Elementalist began the
                  | quest for the Orb.
     0 | D:1      | Reached XP level 1. HP: 10/10 MP: 6/6
   185 | D:1      | Reached XP level 2. HP: 14/15 MP: 4/8
   189 | D:1      | Learned a level 2 spell: Passwall
   516 | D:1      | Found a faded altar of an unknown god.
   558 | D:1      | Prayed at the altar of an unknown god.
   558 | D:1      | Became a worshipper of Uskayaw the Reveller
   558 | D:1      | Reached * piety under Uskayaw
   559 | D:1      | Fell from the grace of Uskayaw
   640 | D:2      | Reached XP level 3. HP: 19/19 MP: 3/10
   696 | D:2      | Reached skill level 4 in Spellcasting
   700 | D:2      | Learned a level 3 spell: Stone Arrow
   788 | D:2      | Noticed Robin
   833 | D:2      | Killed Robin
   874 | D:2      | Reached XP level 4. HP: 9/24 MP: 0/12
  1302 | D:2      | Learned a level 4 spell: Petrify
  1326 | D:3      | Found an iron altar of Okawaru.
  1327 | D:3      | Found a shimmering blue altar of Sif Muna.
  1327 | D:3      | Found an opulent altar of Gozag.
  1328 | D:3      | Found a hide-covered altar of Uskayaw.
  1401 | D:3      | Found a glowing silver altar of Zin.
  1441 | D:3      | Found a sparkling altar of Nemelex Xobeh.
  1445 | D:3      | Reached skill level 5 in Spellcasting
  1446 | D:3      | Reached XP level 5. HP: 15/28 MP: 4/14
  1559 | D:3      | Found a stormy altar of Qazlal.
  1849 | D:4      | Reached skill level 5 in Earth Magic
  1863 | D:4      | Found a staircase to the Ecumenical Temple.
  1883 | Temple   | Entered the Ecumenical Temple
  1993 | D:4      | Reached XP level 6. HP: 22/32 MP: 9/16
  2019 | D:4      | Reached skill level 6 in Spellcasting
  2499 | D:4      | Paralysed by the fury of Uskayaw for 3 turns
  2516 | D:5      | Entered Level 5 of the Dungeon
  2567 | D:5      | Reached XP level 7. HP: 22/36 MP: 7/19
  2660 | D:5      | Reached skill level 7 in Spellcasting
  2667 | D:5      | Slain by a hound

Illustrated notes

Levels and vault maps discovered:
D:1:      giann_wishing_wells, layout_basic,
          shapermc_ecumenical_altar_starsandcircs
D:2:      layout_loops_ring, serial_rivers, chequers_serial_rivers_micro_b,
          chequers_serial_rivers_micro_b, chequers_serial_rivers_small_a,
          chequers_serial_rivers_micro_b, chequers_serial_rivers_small_3,
          chequers_serial_rivers_room_b, uniq_robin
D:3:      layout_rooms, mainiacjoe_overflow_boulevard,
          chequers_temple_overflow_statue_of_worship,
          mainiacjoe_overflow_two_lobes, minmay_misc_feat_roman
D:4:      layout_basic, minmay_temple_entry_grid, serial_demonic,
          serial_demonic_c, serial_demonic_c, serial_demonic_b,
          serial_demonic_d, serial_demonic_f, serial_demonic_d,
          serial_demonic_f, serial_demonic_e, serial_bayou_ford_a
D:5:      layout_basic, dreamdust_wishing_well
Temple:   eino_temple_lava

Skill      XL: |  1  2  3  4  5  6  7 |
---------------+----------------------+-----
Spellcasting   | 4 5 6 7 |  7.1
Earth Magic    | 4 5 6 |  6.3
Transmutations | 2 3 |  3.8
Dodging        | |  2.4
Stealth        | |  2.4

Action                   |  1- 3 |  4- 6 |  7- 9 || total
-------------------------+-------+-------+-------++-------
Melee: Short sword       |     1 |    57 |       ||    58
 Cast: Sandblast         |    57 |    96 |    12 ||   165
       Passwall          |     2 |     1 |       ||     3
Invok: Renounce Religion |     1 |       |       ||     1
Armor: Robe              |     4 |       |       ||     4
       Animal skin       |       |    17 |     4 ||    21
Dodge: Dodged            |     7 |    35 |     5 ||    47
